[Event "Titled Tuesday Blitz July 18 Early 2023"]
[White "Kosteniuk, Alexandra"]
[Black "Florescu, Codrut-Constantin"]
[WhiteFideId "4128125"]
[BlackFideId "1202200"]
[WhiteElo "2799"]
[BlackElo "2637"]
[Result "0-1"]
[Round "10"]
[TimeControl "180+2"]
[Date "2023.07.18"]
[WhiteClock "0:00:03"]
[BlackClock "0:00:25"]
[Board "26"]

1. e4 c5 2. c3 Nf6 3. e5 Nd5 4. Nf3 e6 5. d4 cxd4 6. cxd4 d6 7. Bc4 Nc6 8. O-O Be7 9. Qe2 O-O 10. Rd1 Qc7 11. Bd2 Bd7 12. Nc3 Nxc3 13. Bxc3 dxe5 14. dxe5 Rfd8 15. Bd3 Be8 16. Rac1 Rd5 17. a3 Rad8 18. Bb1 Rxd1+ 19. Rxd1 Rxd1+ 20. Qxd1 Qd8 21. Qc2 g6 22. Ba2 a6 23. g3 Na7 24. Qd2 Qxd2 25. Bxd2 Nb5 26. Be3 Bc6 27. Nd2 Nc7 28. f4 Bd5 29. Bb1 b5 30. Bd3 Kf8 31. Kf2 Ke8 32. h4 h5 33. b4 Kd7 34. Be4 Bxe4 35. Nxe4 Kc6 36. Ke2 a5 37. bxa5 Bxa3 38. Kd3 Be7 39. Kd4 Na6 40. Kc3 Kd5 41. Nd6 Bxd6 42. exd6 Kxd6 43. Kd4 f6 44. Bd2 e5+ 45. fxe5+ fxe5+ 46. Ke4 b4 47. Kd3 Kd5 48. Kc2 Kc4 49. Be3 b3+ 50. Kb2 Nb4 51. Bb6 Nd3+ 52. Kb1 Kb5 53. Ka1 e4 54. Kb1 e3 55. Bxe3 Kxa5 56. Bd2+ Kb5 57. Bg5 Kc4 58. Bd8 Kd5 59. Bc7 Ke4 60. Ka1 Ke3 61. Kb1 Kd2 62. Bd6 Kc3 63. Bc7 Kd4 64. Bb8 Ke4 65. Bc7 Kf3 66. Ka1 Nf2 67. Kb2 Ne4 68. Kxb3 Nxg3 69. Kc2 Nf5 70. Bd8 Kg4 71. Kd3 Nxh4 72. Ke2 Kg3 73. Kf1 Nf3 74. Bc7+ Kg4 75. Kg2 h4 76. Bb8 g5 77. Bc7 h3+ 78. Kh1 Kf5 79. Bb8 g4 80. Bc7 Ke4 81. Bb8 Ne5 82. Kh2 Kf4 83. Bc7 Kf5 84. Bb8 Nd3 85. Bc7 Nf4 86. Bb8 Ke4 87. Kg3 Kf5 88. Kh2 Ne2 89. Bc7 Ke4 90. Bb8 Kf3 91. Bc7 Nf4 92. Bb8 g3+ 93. Kh1 Ne2 94. Bxg3 Nxg3+ 95. Kh2 Kg4 96. Kg1 Ne4 97. Kh2 Kh4 98. Kh1 Kg3 99. Kg1 Nf2 0-1


[Site "https://www.chess.com"]

[Event "Titled Tuesday Blitz July 18 Early 2023"]
[White "Garcia Blanco, Omar"]
[Black "Oro, Faustino"]
[WhiteFideId "2287153"]
[BlackFideId "20000197"]
[WhiteElo "2635"]
[BlackElo "2781"]
[Result "0-1"]
[Round "10"]
[TimeControl "180+2"]
[Date "2023.07.18"]
[WhiteClock "0:00:17"]
[BlackClock "0:00:04"]
[Board "27"]

1. Nf3 Nf6 2. g3 d5 3. Bg2 Bf5 4. O-O e6 5. b3 h6 6. Bb2 Be7 7. c4 O-O 8. d3 Nbd7 9. a3 c6 10. Nbd2 Bh7 11. Qc2 a5 12. Bc3 Bd6 13. Qb2 Qc7 14. Rfc1 e5 15. cxd5 Nxd5 16. Nc4 Nxc3 17. Qxc3 Rfe8 18. Nxd6 Qxd6 19. Nd2 Nf6 20. Nc4 Qc7 21. b4 axb4 22. axb4 Rxa1 23. Qxa1 e4 24. d4 Nd5 25. Qa5 b6 26. Qa3 Qe7 27. e3 b5 28. Ne5 Nxb4 29. Rb1 Nd5 30. Qa6 c5 31. Rxb5 Nc7 32. Qb7 Nxb5 33. Qxb5 cxd4 34. exd4 Bf5 35. Nc4 Be6 36. Ne3 Bd7 37. Qb7 f5 38. Nd5 Qd6 39. Nf4 Qxd4 40. Bf1 e3 41. Qb3+ Kh7 42. Qf7 exf2+ 43. Kg2 Bc6+ 44. Kh3 Qf6 45. Qa2 Re1 46. Qxf2 Rc1 47. Bd3 Be4 48. Be2 Qg5 49. Bh5 Rc2 50. Bg6+ Qxg6 51. Nxg6 Rxf2 52. Nf8+ Kg8 53. g4 fxg4+ 54. Kh4 Kxf8 55. Kh5 Bf5 56. h4 gxh3 57. Kh4 h2 58. Kg3 h1=Q 59. Kxf2 Qe4 0-1


[Site "https://www.chess.com"]

[Event "Titled Tuesday Blitz July 18 Early 2023"]
[White "Sanchez Alvares, Kelvin Antonio"]
[Black "Wagner, Dennis"]
[WhiteFideId "3906680"]
[BlackFideId "24650684"]
[WhiteElo "2627"]
[BlackElo "2773"]
[Result "0-1"]
[Round "10"]
[TimeControl "180+2"]
[Date "2023.07.18"]
[WhiteClock "0:01:32"]
[BlackClock "0:00:12"]
[Board "28"]

1. e4 c5 2. Ne2 d6 3. g3 g6 4. Bg2 Bg7 5. O-O Nc6 6. c3 e5 7. d3 Nge7 8. f4 O-O 9. Nd2 Be6 10. Nf3 Qd7 11. Ng5 Bg4 12. h3 Bxe2 13. Qxe2 h6 14. Nf3 f5 15. Nh4 exf4 16. exf5 g5 17. Ng6 Nxg6 18. fxg6 fxg3 19. Bd5+ Kh8 20. Be6 Rxf1+ 21. Kxf1 Rf8+ 22. Kg1 Qe7 23. Bg4 Qxe2 24. Bxe2 Rf2 25. Bf1 Ne5 26. Bg2 Nxg6 27. Be3 Rxb2 28. Bxb7 Bxc3 29. Be4 Nf4 30. Bxf4 gxf4 31. Rf1 Bd4+ 32. Kh1 Rh2# 0-1


[Site "https://www.chess.com"]

[Event "Titled Tuesday Blitz July 18 Early 2023"]
[White "Mohamed Anees M"]
[Black "Krzyzanowski, Marcin"]
[WhiteFideId "35065815"]
[BlackFideId "1132199"]
[WhiteElo "2627"]
[BlackElo "2763"]
[Result "0-1"]
[Round "10"]
[TimeControl "180+2"]
[Date "2023.07.18"]
[WhiteClock "0:00:05"]
[BlackClock "0:00:09"]
[Board "29"]

1. e4 c5 2. Nf3 d6 3. d4 cxd4 4. Nxd4 Nf6 5. Nc3 a6 6. Bg5 e6 7. f4 h6 8. Bh4 Nbd7 9. Qe2 Qc7 10. O-O-O b5 11. Bg3 Bb7 12. e5 dxe5 13. fxe5 Nd5 14. Nxd5 Bxd5 15. Kb1 Nb6 16. Qg4 Rc8 17. Bd3 Nc4 18. Bxc4 Qxc4 19. b3 Qc7 20. Rhf1 h5 21. Qe2 Ba3 22. Rd3 h4 23. Be1 g6 24. Rc3 Qb8 25. Rxc8+ Qxc8 26. Qf2 Qc7 27. Qf6 Rh5 28. Bxh4 Qe7 29. g3 Qxf6 30. exf6 Re5 31. c3 g5 32. Nc2 Bf8 33. Bxg5 Rxg5 34. Ne3 Be4+ 35. Kb2 Bh6 36. Nd1 Rf5 37. Re1 Bd5 38. h4 Rxf6 39. g4 Bd2 40. Re2 Bf4 41. g5 Rf5 42. Nf2 Bg3 43. Nd3 Bxh4 44. Rh2 Bxg5 45. Rh8+ Ke7 46. Nb4 Rf2+ 47. Ka1 Rf1+ 48. Kb2 Bc1+ 49. Kc2 Be4+ 50. Nd3 Bg5 51. Rh3 Rc1+ 52. Kb2 Bxd3 53. Rxd3 Re1 54. a4 bxa4 55. bxa4 Re5 56. c4 a5 57. Kc3 Be3 58. Rd1 Bc5 59. Rh1 f5 60. Rh7+ Kd6 61. Rh6 Re3+ 62. Kb2 f4 63. Rh8 f3 64. Kc2 f2 65. Rf8 Re1 66. Rd8+ Ke5 67. Kd2 Bb4+ 68. Kc2 f1=Q 69. Rd1 Qxc4+ 70. Kb2 Re2+ 71. Kb1 Qa2+ 72. Kc1 Ba3# 0-1


[Site "https://www.chess.com"]

[Event "Titled Tuesday Blitz July 18 Early 2023"]
[White "Skvortsov, Andrei"]
[Black "Arat, Ufuk Sezen"]
[WhiteFideId "24108600"]
[BlackFideId "6309089"]
[WhiteElo "2761"]
[BlackElo "2621"]
[Result "1-0"]
[Round "10"]
[TimeControl "180+2"]
[Date "2023.07.18"]
[WhiteClock "0:02:09"]
[BlackClock "0:01:43"]
[Board "30"]

1. e4 c5 2. d4 cxd4 3. Qxd4 Nc6 4. Qd3 e6 5. Nc3 Nf6 6. Bf4 d5 7. exd5 Nxd5 8. Nxd5 exd5 9. O-O-O Be6 10. Ne2 Bd6 11. Bxd6 Qxd6 12. Qg3 Qxg3 13. hxg3 O-O-O 14. c3 g5 15. Nd4 Nxd4 16. Rxd4 Kc7 17. Bd3 h5 18. Be2 g4 19. Bd1 Rh6 20. Rf4 Kd6 21. Bxg4 Bxg4 22. Rxg4 Rf6 23. Rf4 Rxf4 24. gxf4 Rh8 25. Kd2 Ke6 26. g4 h4 27. Ke3 f5 28. g5 b5 29. Kf3 d4 30. Re1+ Kd6 31. cxd4 h3 32. Kg3 Kd5 33. Rh1 Kxd4 34. Rxh3 Rd8 35. Rh7 a5 36. Rf7 Ke4 37. f3+ Ke3 38. Rxf5 Rd2 39. Re5+ Kd4 40. Rxb5 1-0


[Site "https://www.chess.com"]

[Event "Titled Tuesday Blitz July 18 Early 2023"]
[White "Atakhan, Abtin"]
[Black "Pinero Rodriguez, Carlos Jose"]
[WhiteFideId "22502203"]
[BlackFideId "3901726"]
[WhiteElo "2744"]
[BlackElo "2601"]
[Result "1-0"]
[Round "10"]
[TimeControl "180+2"]
[Date "2023.07.18"]
[WhiteClock "0:00:06"]
[BlackClock "0:00:00"]
[Board "31"]

1. d4 Nf6 2. c4 e6 3. Nf3 Bb4+ 4. Bd2 Qe7 5. g3 O-O 6. Nc3 b6 7. Bg2 Bb7 8. O-O d6 9. a3 Bxc3 10. Bxc3 Nbd7 11. b4 Rfe8 12. Qc2 Rac8 13. Rfd1 c5 14. dxc5 dxc5 15. Qb2 Red8 16. b5 Ne8 17. a4 a5 18. bxa6 Bxa6 19. Nd2 Rb8 20. Rdb1 f6 21. Qa2 Nd6 22. a5 b5 23. cxb5 Nxb5 24. Bb2 Nd4 25. e3 Nc2 26. Bxf6 Nxf6 27. Qxc2 Rxb1+ 28. Nxb1 Bd3 29. Qc3 Ne4 30. Bxe4 Bxe4 31. Nd2 Ba8 32. a6 Qd7 33. Rd1 Qc6 34. e4 Qxa6 35. Re1 Qa2 36. Nf3 c4 37. Nd4 Qa6 38. Ra1 Qb7 39. Nxe6 Rd7 40. Nc5 1-0


[Site "https://www.chess.com"]

[Event "Titled Tuesday Blitz July 18 Early 2023"]
[White "Zavgorodniy, Sergiy"]
[Black "Xu, Yi"]
[WhiteFideId "14110148"]
[BlackFideId "8605564"]
[WhiteElo "2593"]
[BlackElo "2741"]
[Result "1-0"]
[Round "10"]
[TimeControl "180+2"]
[Date "2023.07.18"]
[WhiteClock "0:00:16"]
[BlackClock "0:01:54"]
[Board "32"]

1. e4 c6 2. d4 d5 3. exd5 cxd5 4. c4 Nf6 5. Nc3 e6 6. Nf3 Bb4 7. cxd5 Nxd5 8. Bd2 O-O 9. Bd3 Nc6 10. O-O Be7 11. Re1 h6 12. Nxd5 exd5 13. h3 Bf6 14. Bc3 Be6 15. Ne5 Bxe5 16. dxe5 d4 17. Bd2 f6 18. exf6 Qxf6 19. f4 Rae8 20. Qh5 Bf7 21. Qc5 Rxe1+ 22. Rxe1 Bxa2 23. b4 a6 24. b5 axb5 25. Qxb5 Qf7 26. Qb6 Bd5 27. Rb1 Ra8 28. Qxb7 Qxb7 29. Rxb7 Ra2 30. Be1 Rxg2+ 31. Kf1 Rg3 32. Bxg3 Be6 33. Rc7 Bxh3+ 34. Kf2 Nb4 35. Bc4+ Kh7 36. f5 Bxf5 37. Be5 Kg6 38. Rxg7+ Kh5 39. Be2+ Kh4 40. Bf6+ Kh3 41. Bf1+ Kh2 42. Be5+ Kh1 43. Rg1# 1-0


[Site "https://www.chess.com"]

[Event "Titled Tuesday Blitz July 18 Early 2023"]
[White "Mamedov, Edgar"]
[Black "Mikhailovsky, Vladimir"]
[WhiteFideId "13739980"]
[BlackFideId "34105414"]
[WhiteElo "2590"]
[BlackElo "2737"]
[Result "1-0"]
[Round "10"]
[TimeControl "180+2"]
[Date "2023.07.18"]
[WhiteClock "0:00:07"]
[BlackClock "0:00:00"]
[Board "33"]

1. d4 d6 2. Nf3 Nf6 3. c4 g6 4. Nc3 Bf5 5. Nh4 Bd7 6. e4 e5 7. Nf3 Nc6 8. Be2 Bg7 9. O-O O-O 10. Be3 Ng4 11. Bg5 Bf6 12. Bxf6 Nxf6 13. d5 Ne7 14. b4 Nh5 15. c5 Nf4 16. Qd2 Bg4 17. Ne1 Bxe2 18. Nxe2 Nxe2+ 19. Qxe2 a5 20. Nd3 axb4 21. Qb2 dxc5 22. Nxc5 c6 23. Qxe5 cxd5 24. exd5 Nc8 25. Ne4 f6 26. Qd4 Nd6 27. Qxb4 Nxe4 28. Qxe4 Qd6 29. Rfd1 Ra5 30. g3 Rf7 31. a4 Kg7 32. Rab1 Rd7 33. Rb5 Ra8 34. Rdb1 Ra7 35. a5 Re7 36. Qb4 Qxb4 37. R1xb4 Rd7 38. Kg2 Kf7 39. Kf3 Ke7 40. Ke4 Kd6 41. Rb6+ Kc7 42. Rxf6 Rxa5 43. Rfb6 Raxd5 44. Rxb7+ Kc6 45. R4b6+ Kc5 46. Rb5+ Kc6 47. Rxd5 Rxb7 48. Rd2 Rf7 49. f4 Re7+ 50. Kf3 h5 51. h3 Re6 52. g4 hxg4+ 53. hxg4 Rd6 54. Rxd6+ Kxd6 55. Kg3 Ke6 56. Kh4 Kf6 57. Kg3 Ke6 58. Kf2 Kd6 59. Ke3 Ke7 60. Kd4 Kd6 61. Ke4 Ke6 62. g5 Kd6 63. f5 gxf5+ 64. Kxf5 Ke7 65. Kg6 Kf8 66. Kh7 1-0


[Site "https://www.chess.com"]

[Event "Titled Tuesday Blitz July 18 Early 2023"]
[White "Dehtiarov, Roman"]
[Black "musclemonster12"]
[WhiteFideId "14186640"]
[WhiteElo "2735"]
[BlackElo "2588"]
[Result "1/2-1/2"]
[Round "10"]
[TimeControl "180+2"]
[Date "2023.07.18"]
[WhiteClock "0:00:03"]
[BlackClock "0:00:12"]
[Board "34"]

1. c4 Nf6 2. Nc3 e6 3. e4 d5 4. cxd5 exd5 5. e5 Ne4 6. Nf3 Bf5 7. d3 Nxc3 8. bxc3 Be7 9. d4 c5 10. Bd3 Bxd3 11. Qxd3 Nc6 12. Rb1 Rb8 13. O-O O-O 14. Be3 c4 15. Qc2 b5 16. Bd2 b4 17. Qa4 Qb6 18. cxb4 Nxd4 19. Nxd4 Qxd4 20. Be3 Qxe5 21. Qxa7 Ra8 22. Qd7 Rfd8 23. Qb5 Bf6 24. Bc5 c3 25. Rfe1 c2 26. Rbc1 Qb2 27. Qe2 Qxa2 28. Rxc2 Qa4 29. Rd1 Re8 30. Qd3 Rad8 31. h3 h6 32. Rcd2 Re4 33. Qf3 Rde8 34. Rxd5 Re1+ 35. Rxe1 Rxe1+ 36. Kh2 Qa1 37. g3 Re8 38. Rd3 Qf1 39. Re3 Rb8 40. Ra3 Rd8 41. Ra8 Rxa8 42. Qxa8+ Kh7 43. Qe4+ g6 44. Qf3 Kg7 45. Bf8+ Kxf8 46. Qxf6 h5 47. h4 Kg8 48. Qd8+ Kh7 49. Qd4 Kg8 50. Qc5 Kh7 51. b5 Qb1 52. b6 Kg7 53. Qd4+ Kh7 54. Qc5 Qb2 55. Qe3 Qb5 56. Kg2 Qc6+ 57. Kh2 Qb5 58. Qd4 Qc6 59. Kg1 Qc1+ 60. Kg2 Qc6+ 61. Kh2 Qb5 62. Qf6 Kg8 63. Qd8+ Kh7 64. Qc7 Qf5 65. Qf4 Qd5 66. Qc7 Qf3 67. Qf4 Qd5 68. Qe3 Qb5 1/2-1/2


[Site "https://www.chess.com"]

[Event "Titled Tuesday Blitz July 18 Early 2023"]
[White "Rychagov, Andrey"]
[Black "Gavrilov, Maxim"]
[WhiteFideId "4119932"]
[BlackFideId "24271454"]
[WhiteElo "2706"]
[BlackElo "2574"]
[Result "1-0"]
[Round "10"]
[TimeControl "180+2"]
[Date "2023.07.18"]
[WhiteClock "0:00:51"]
[BlackClock "0:00:00"]
[Board "35"]

1. d4 Nf6 2. c4 e6 3. Nf3 c5 4. d5 exd5 5. cxd5 d6 6. Nc3 g6 7. Bf4 Bg7 8. e3 O-O 9. h3 Re8 10. Nd2 a6 11. a4 Qa5 12. Bxd6 Rd8 13. Nc4 Qb4 14. Qd2 Bf5 15. f3 Bh6 16. Be7 Nbd7 17. Bxd8 Rxd8 18. g4 b5 19. axb5 axb5 20. gxf5 bxc4 21. fxg6 Ne5 22. gxf7+ Kxf7 23. Be2 Re8 24. f4 Nd3+ 25. Bxd3 Bxf4 26. Nd1 Qb3 27. O-O Rg8+ 28. Kh1 Qb7 29. Bxc4 Bd6 30. Qf2 Rg6 31. Qh4 Kg7 32. Rg1 Nxd5 33. Rxg6+ hxg6 34. Qe4 1-0


[Site "https://www.chess.com"]

[Event "Titled Tuesday Blitz July 18 Early 2023"]
[White "robertoalejandro10"]
[Black "Koshulyan, Egor A."]
[BlackFideId "24237000"]
[WhiteElo "2573"]
[BlackElo "2695"]
[Result "0-1"]
[Round "10"]
[TimeControl "180+2"]
[Date "2023.07.18"]
[WhiteClock "0:00:00"]
[BlackClock "0:00:04"]
[Board "36"]

1. Nf3 d5 2. c4 e6 3. b3 c5 4. g3 d4 5. d3 Nc6 6. Bg2 e5 7. O-O Bd6 8. Na3 f5 9. Nc2 Nf6 10. a3 O-O 11. Rb1 e4 12. Nfe1 Qe7 13. Bd2 Ng4 14. e3 f4 15. exd4 f3 16. Bh1 exd3 17. Ne3 Nxd4 18. Nxf3 Ne2+ 19. Kg2 Qe4 20. Kh3 Nxe3+ 0-1


[Site "https://www.chess.com"]

[Event "Titled Tuesday Blitz July 18 Early 2023"]
[White "Dimitrov, Atanas"]
[Black "Glavina, Pablo"]
[WhiteFideId "2901315"]
[BlackFideId "100234"]
[WhiteElo "2692"]
[BlackElo "2425"]
[Result "0-1"]
[Round "10"]
[TimeControl "180+2"]
[Date "2023.07.18"]
[WhiteClock "0:00:00"]
[BlackClock "0:00:08"]
[Board "37"]

1. Nf3 d5 2. e3 Nf6 3. c4 e6 4. Nc3 c5 5. cxd5 exd5 6. d4 Nc6 7. Be2 cxd4 8. Nxd4 Bd6 9. O-O O-O 10. h3 Bd7 11. Nxc6 bxc6 12. b3 Qe7 13. Qd3 Rfd8 14. Bb2 Rac8 15. Na4 c5 16. Qa6 Bc6 17. Bf3 Bb8 18. Rac1 Qd6 19. g3 d4 20. Bxc6 Rxc6 21. Qd3 Qe6 22. exd4 Qxh3 23. Qf3 Rcd6 24. dxc5 Rd2 25. Bxf6 gxf6 26. Rfd1 Bxg3 27. fxg3 R8d3 28. Qa8+ Kg7 29. Rxd2 Rxd2 30. Qf3 Qh2+ 31. Kf1 Qh3+ 32. Ke1 Rg2 33. c6 Qh1+ 34. Qf1 Rg1 35. Qxg1 Qxg1+ 36. Kd2 Qg2+ 37. Kc3 Qxg3+ 38. Kb2 Qc7 39. b4 h5 40. b5 h4 41. Nc5 h3 42. Ne4 Qe5+ 43. Nc3 h2 44. a4 Qf4 45. Rh1 Qf2+ 46. Kb3 Qg2 47. Rc1 h1=Q 48. Rxh1 Qxh1 49. c7 Qb7 50. Nd5 Qxd5+ 51. Kb4 Qd7 52. b6 axb6 53. a5 bxa5+ 0-1


[Site "https://www.chess.com"]

[Event "Titled Tuesday Blitz July 18 Early 2023"]
[White "LeoLV10"]
[Black "Shimanov, Aleksandr"]
[BlackFideId "4198603"]
[WhiteElo "2547"]
[BlackElo "2971"]
[Result "0-1"]
[Round "10"]
[TimeControl "180+2"]
[Date "2023.07.18"]
[WhiteClock "0:00:16"]
[BlackClock "0:00:46"]
[Board "38"]

1. e4 d5 2. exd5 Qxd5 3. Nc3 Qe5+ 4. Be2 Bg4 5. d4 Bxe2 6. Ngxe2 Qa5 7. Bd2 Nf6 8. O-O Nc6 9. a4 Qh5 10. Nb5 O-O-O 11. c3 e5 12. Be3 a6 13. Na3 Bxa3 14. Rxa3 Rhe8 15. h3 Nd5 16. Ng3 Qxd1 17. Rxd1 g6 18. Ne2 Nxe3 19. fxe3 exd4 20. cxd4 Ne7 21. Kf2 Nd5 22. Ng3 f5 23. Ne2 Re7 24. Nf4 Nxf4 25. exf4 Re4 26. g3 Rdxd4 27. Rxd4 Rxd4 28. b3 Rd3 29. g4 Rxh3 30. gxf5 gxf5 31. a5 Kd7 32. Ra1 Rxb3 33. Rh1 Rb5 34. Rxh7+ Kd6 35. Rh6+ Kd5 36. Rh7 Rc5 37. Kg3 Rxa5 38. Rxc7 Rb5 39. Kh4 a5 40. Kg5 Kd4 41. Rd7+ Kc4 42. Rc7+ Kb3 43. Re7 a4 44. Re5 Kb4 45. Kxf5 a3 46. Kg6 Rxe5 47. fxe5 a2 48. e6 a1=Q 49. e7 Qe5 50. Kf7 Kc5 51. Ke8 b5 52. Kd8 b4 53. e8=Q Qxe8+ 54. Kxe8 b3 0-1


[Site "https://www.chess.com"]

[Event "Titled Tuesday Blitz July 18 Early 2023"]
[White "Vaibhav Jayant Raut"]
[Black "Gorovets, Andrey"]
[WhiteFideId "5089034"]
[BlackFideId "13504037"]
[WhiteElo "2611"]
[BlackElo "2827"]
[Result "0-1"]
[Round "10"]
[TimeControl "180+2"]
[Date "2023.07.18"]
[WhiteClock "0:00:01"]
[BlackClock "0:00:16"]
[Board "39"]

1. e4 c5 2. Nf3 Nc6 3. d4 cxd4 4. Nxd4 Nf6 5. Nc3 e5 6. Ndb5 d6 7. Bg5 a6 8. Na3 Be6 9. Nd5 Be7 10. Bxf6 Bxf6 11. c3 Bg5 12. Nc2 g6 13. g3 O-O 14. h4 Bh6 15. Nce3 Bxe3 16. Nxe3 f5 17. exf5 gxf5 18. Bc4 Bxc4 19. Nxc4 d5 20. Ne3 d4 21. cxd4 f4 22. gxf4 exf4 23. Ng4 Nxd4 24. Kf1 Qd5 25. Rg1 Kh8 26. Qd3 Rad8 27. Rd1 Qe6 28. Re1 Qxa2 29. Re7 Rf7 30. Re8+ Rxe8 31. Qxd4+ Rg7 32. f3 Qb1+ 33. Kg2 Qg6 34. Kh3 h5 35. Qd5 hxg4+ 36. Rxg4 Qe6 37. Qh5+ Kg8 38. Qc5 0-1


[Site "https://www.chess.com"]

[Event "Titled Tuesday Blitz July 18 Early 2023"]
[White "Schmakel, Sam"]
[Black "Kashlinskaya, Alina"]
[WhiteFideId "2039311"]
[BlackFideId "4198026"]
[WhiteElo "2751"]
[BlackElo "2604"]
[Result "1-0"]
[Round "10"]
[TimeControl "180+2"]
[Date "2023.07.18"]
[WhiteClock "0:01:16"]
[BlackClock "0:01:53"]
[Board "40"]

1. c4 Nf6 2. g3 g6 3. Bg2 Bg7 4. Nc3 O-O 5. e4 d6 6. Nge2 e5 7. O-O Bg4 8. h3 Be6 9. d3 Nfd7 10. f4 f5 11. exf5 Bxf5 12. g4 Be6 13. Bxb7 c6 14. Bxa8 Nb6 15. fxe5 dxe5 16. Rxf8+ Qxf8 17. Qf1 Qe7 18. Ne4 Nxa8 19. Bg5 Qb7 20. Nc5 Qb6 21. Qf2 Bf7 22. Rf1 Qc7 23. Bf6 Bf8 24. Bxe5 1-0


[Site "https://www.chess.com"]

[Event "Titled Tuesday Blitz July 18 Early 2023"]
[White "Ashraf, Artin"]
[Black "Sadykov, Ramil"]
[WhiteFideId "22514805"]
[BlackFideId "24113590"]
[WhiteElo "2724"]
[BlackElo "2592"]
[Result "1-0"]
[Round "10"]
[TimeControl "180+2"]
[Date "2023.07.18"]
[WhiteClock "0:00:02"]
[BlackClock "0:00:00"]
[Board "41"]

1. d4 Nf6 2. Bg5 Ne4 3. Bh4 g5 4. Bg3 h5 5. Be5 f6 6. f3 fxe5 7. fxe4 exd4 8. e3 dxe3 9. Qd4 Rg8 10. Be2 Bg7 11. Bxh5+ Kf8 12. Qxe3 Bxb2 13. Nf3 Bxa1 14. O-O Bf6 15. Nxg5 d6 16. Nc3 c6 17. Kh1 Qb6 18. Qg3 Kg7 19. Bf7 Rh8 20. Bb3 Kf8 21. Nh7+ Ke8 22. Nxf6+ exf6 23. Qg6+ Kd7 24. Qg7+ Kd8 25. Qxh8+ Kc7 26. h4 Nd7 27. h5 a5 28. h6 a4 29. Nxa4 Qa5 30. Qg7 Qh5+ 31. Kg1 Ra5 32. Rf5 Rxf5 33. exf5 b5 34. Nc3 Qh4 35. g3 Qd4+ 36. Kh2 1-0


[Site "https://www.chess.com"]

[Event "Titled Tuesday Blitz July 18 Early 2023"]
[White "NovoselovRoman"]
[Black "Panesar Vedant"]
[BlackFideId "35033018"]
[WhiteElo "2585"]
[BlackElo "2718"]
[Result "1-0"]
[Round "10"]
[TimeControl "180+2"]
[Date "2023.07.18"]
[WhiteClock "0:00:08"]
[BlackClock "0:00:02"]
[Board "42"]

1. e4 c5 2. Nc3 e6 3. g3 Nc6 4. Bg2 g6 5. d3 Bg7 6. Be3 d6 7. f4 Nge7 8. Nf3 Nd4 9. O-O Nec6 10. e5 dxe5 11. Nxe5 Nxe5 12. fxe5 Bxe5 13. Ne4 f5 14. Nxc5 O-O 15. c3 Nc6 16. d4 Bd6 17. d5 Qe7 18. Nxe6 Bxe6 19. dxe6 Rad8 20. Qb3 Kg7 21. Rae1 Rfe8 22. Qc2 Be5 23. Bf4 Qc5+ 24. Be3 Qd6 25. Bg5 Rc8 26. e7 Bf6 27. Bf4 Qc5+ 28. Kh1 Rxe7 29. Rxe7+ Qxe7 30. h4 Re8 31. h5 Ne5 32. Re1 Qf7 33. Qb3 Qxb3 34. axb3 Re7 35. h6+ Kf8 36. Rd1 b6 37. Kg1 Rd7 38. Rxd7 Nxd7 39. Kf2 Be5 40. Be3 Bd6 41. Bd5 Bc5 42. Kf3 Ne5+ 43. Kf4 Nd3+ 44. Kf3 Nxb2 45. Bf4 Nd3 46. Bb8 a5 47. Bc4 Ne5+ 48. Bxe5 Be7 49. Bg7+ Ke8 50. Bg8 a4 51. bxa4 1-0


[Site "https://www.chess.com"]

[Event "Titled Tuesday Blitz July 18 Early 2023"]
[White "Moskvin, Anatoly"]
[Black "Aldokhin, Ivan"]
[WhiteFideId "24199990"]
[BlackFideId "24115720"]
[WhiteElo "2574"]
[BlackElo "2672"]
[Result "1-0"]
[Round "10"]
[TimeControl "180+2"]
[Date "2023.07.18"]
[WhiteClock "0:00:08"]
[BlackClock "0:00:01"]
[Board "43"]

1. e4 c5 2. Nf3 e6 3. b4 b6 4. bxc5 bxc5 5. Nc3 Nc6 6. Bb5 Nge7 7. O-O Nd4 8. Nxd4 cxd4 9. Ne2 Nc6 10. c3 dxc3 11. d4 Qa5 12. a4 a6 13. Bxc6 dxc6 14. Qb3 Bb4 15. Ba3 c5 16. dxc5 Bxa3 17. Qxa3 Bd7 18. c6 Bxc6 19. Nxc3 f6 20. Rfc1 Kf7 21. f3 Rac8 22. Rab1 Rhd8 23. Qa2 Bd7 24. Qb3 Rb8 25. Qa3 Rdc8 26. Rxb8 Rxb8 27. Qd6 Rb7 28. h4 Qc7 29. Qd2 Qc5+ 30. Kh2 Qe5+ 31. g3 Be8 32. Ne2 Rc7 33. f4 Rxc1 34. fxe5 Rc7 35. exf6 gxf6 36. h5 Rd7 37. Qh6 Ke7 38. Nf4 Kd6 39. Qf8+ Kc6 40. Qxf6 Kc7 41. Qe5+ Kd8 42. Nxe6+ Kc8 43. Nc5 Rd8 44. Qe7 Bd7 45. Qd6 Bg4 46. Qxa6+ Kc7 47. Qa5+ Kc8 48. Qa8+ Kc7 49. Qa7+ Kc6 50. Na6 Rd2+ 51. Kg1 Rd1+ 52. Kf2 Rd2+ 53. Ke1 Rd1+ 54. Kf2 Rd2+ 55. Ke3 Re2+ 56. Kf4 Bh3 57. Qc5+ Kd7 58. Qb5+ Kd6 59. Qxe2 1-0


[Site "https://www.chess.com"]

[Event "Titled Tuesday Blitz July 18 Early 2023"]
[White "Garv Gaur"]
[Black "Sahib Singh"]
[WhiteFideId "45030839"]
[BlackFideId "25618342"]
[WhiteElo "2571"]
[BlackElo "2660"]
[Result "0-1"]
[Round "10"]
[TimeControl "180+2"]
[Date "2023.07.18"]
[WhiteClock "0:00:06"]
[BlackClock "0:01:28"]
[Board "44"]

1. Nf3 d5 2. g3 Nd7 3. d4 Nb6 4. Bg2 Nf6 5. O-O g6 6. Nbd2 Bg7 7. Ne5 O-O 8. Ndf3 Ne4 9. c3 f6 10. Nd3 Bf5 11. Qb3 c6 12. a4 a5 13. Nc5 Nxc5 14. dxc5 Nd7 15. Qxb7 Nxc5 16. Qxc6 Nb3 17. Ra3 Rc8 18. Qb5 Rb8 19. Qc6 Rb6 20. Nd4 Rxc6 21. Nxc6 Qd6 22. Bxd5+ Kh8 23. c4 Nxc1 24. Rxc1 Rc8 25. Na7 Rc5 26. Bf3 Bh6 27. e3 Qd2 28. Rd1 Qxb2 29. Raa1 Rxc4 30. Nc6 Bf8 31. Nxa5 Rc2 32. Rab1 Qc3 33. Nc6 Rd2 34. Rbc1 Rxd1+ 35. Rxd1 Bg4 36. Rd8 Bxf3 0-1


[Site "https://www.chess.com"]

[Event "Titled Tuesday Blitz July 18 Early 2023"]
[White "Ovchinnikov, Vsevolod"]
[Black "Jimenez Almeida, Luis David"]
[WhiteFideId "24176842"]
[BlackFideId "22242244"]
[WhiteElo "2651"]
[BlackElo "2553"]
[Result "0-1"]
[Round "10"]
[TimeControl "180+2"]
[Date "2023.07.18"]
[WhiteClock "0:00:16"]
[BlackClock "0:00:10"]
[Board "45"]

1. d4 g6 2. Nf3 f5 3. g3 Nf6 4. Bg2 Bg7 5. b3 O-O 6. Bb2 d6 7. Nbd2 Qe8 8. O-O c6 9. c4 Nbd7 10. Ba3 a5 11. Qc2 a4 12. e3 h6 13. Rfd1 Nh5 14. Bb4 g5 15. Rab1 Ndf6 16. Re1 Qg6 17. Rbc1 axb3 18. axb3 Qf7 19. Re2 Ne4 20. Ne1 Nxd2 21. Qxd2 f4 22. exf4 gxf4 23. Bf3 fxg3 24. hxg3 Nf6 25. Bc3 Bf5 26. Kg2 Qg6 27. Rxe7 Rae8 28. Rxe8 Rxe8 29. Qf4 d5 30. Ba1 Nh5 31. Qh4 Nf6 32. Kg1 dxc4 33. bxc4 Kh8 34. Ng2 Qf7 35. Nf4 Ne4 36. d5 Ng5 37. Bxg7+ Kg8 38. Bg2 Qxg7 39. dxc6 Qb2 40. Rf1 bxc6 41. Qxh6 Qg7 42. Qxg7+ Kxg7 43. Bxc6 Rc8 44. Bd5 Kf6 45. Re1 Rc7 46. Kg2 Bg4 47. Re3 Bf5 48. Ne2 Bh3+ 49. Kg1 Ra7 50. f3 Ra1+ 51. Kh2 Bf1 52. g4 Bxe2 53. Rxe2 Rc1 54. Kg3 Rg1+ 55. Kf2 Rc1 56. f4 Nh3+ 57. Kg3 Rc3+ 58. Kh4 Nxf4 59. Rf2 Ke5 60. Bg8 Rh3+ 61. Kg5 Rh8 62. Bd5 Nh3+ 63. Kg6 Nxf2 64. g5 Nh3 65. Kg7 Rc8 66. g6 Nf4 67. Kh6 Kf6 68. g7 Ne6 69. Kh7 Nxg7 70. Kh6 Nf5+ 71. Kh5 Rh8+ 72. Kg4 Ne3+ 73. Kf4 Nxd5+ 74. cxd5 Rd8 75. Ke4 Ke7 76. Ke5 Kd7 77. Kd4 Rh8 78. Kc4 Rh5 79. Kc5 Rg5 80. Kc4 Kd6 81. Kd4 Rxd5+ 82. Ke4 Ra5 0-1


[Site "https://www.chess.com"]